Map: [ESL] Curious Minds

Players

Zoun - Winner!

  • Race: Protoss Protoss

Maru

  • Race: Terran Terran

Event: IEM Katowice 2022

VOD

Have the link to the VOD?

Description

Time

  • Played on: Feb. 25, 2022, 4:03 p.m.
  • Length: 11:14

All games in this series

Show
View Real Time Build Order
Export as new Build Order

Zoun Protoss - Winner!

Build Orders: 1 Gate Expand, Blink Stalkers, Colossus Rush 

Get SALT Encoding   

  12  0:00  Probe  
  13  0:12  Probe  
  14  0:18  Pylon  
  14  0:24  Probe (Chrono Boost)  
  15  0:36  Probe (Chrono Boost)  
  15  0:37  Gateway  
  16  0:45  Probe (Chrono Boost)  
  16  0:47  Assimilator  
  17  0:51  Probe  
  18  1:03  Probe  
  19  1:15  Probe  
  20  1:25  Cybernetics Core  
  20  1:33  Nexus  
  20  1:36  Probe  
  21  1:44  Pylon  
  21  1:48  Probe  
  21  1:52  Assimilator  
  22  2:00  Stalker (Chrono Boost), Probe  
  23  2:06  Warp Gate  
  25  2:12  Shield Battery  
  25  2:14  Probe  
  26  2:28  Stalker  
  28  2:33  Probe  
  29  2:45  Probe x2 (Chrono Boost)  
  31  2:51  Twilight Council  
  31  2:55  Probe x2 (Chrono Boost)  
  33  3:01  Probe  
  33  3:04  Probe (Chrono Boost)  
  35  3:10  Gateway  
  35  3:17  Probe (Chrono Boost)  
  35  3:18  Probe (Chrono Boost)  
  37  3:22  Blink (Chrono Boost)  
  38  3:27  Probe x2 (Chrono Boost)  
  39  3:37  Probe x2  
  39  3:39  Robotics Facility  
  41  3:44  Pylon  
  41  3:49  Probe  
  41  3:50  Probe  
  41  3:52  Assimilator  
  41  3:54  Stalker  
  45  4:03  Probe  
  45  4:05  Probe  
  45  4:08  Stalker  
  49  4:15  Probe  
  49  4:17  Nexus  
  50  4:20  Pylon  
  50  4:24  Stalker  
  50  4:26  Probe, Observer  
  50  4:29  Pylon  
  54  4:38  Probe x2  
  54  4:40  Assimilator  
  54  4:42  Pylon  
  56  4:49  Robotics Bay  
  56  4:50  Probe  
  57  4:56  Probe  
  58  5:01  Gateway  
  58  5:02  Probe  
  58  5:04  Observer  
  60  5:08  Probe, Observer  
  60  5:12  Stalker x2  
  65  5:15  Probe  
  65  5:17  Charge (Chrono Boost)  
  65  5:20  Probe  
  67  5:26  Observer  
  67  5:27  Probe  
  68  5:29  Gateway  
  68  5:30  Gateway  
  68  5:32  Probe x2, Observer  
  68  5:34  Colossus (Chrono Boost)  
  70  5:39  Probe  
  77  5:46  Shield Battery  
  77  5:52  Extended Thermal Lance  
  77  5:54  Stalker x2  
  81  5:57  Shield Battery  
  81  6:04  Stalker  
  81  6:06  Probe x2  
  85  6:17  Gateway x2, Colossus (Chrono Boost)  
  85  6:24  Zealot x2  
  87  6:30  Stalker x2  
  89  6:36  Pylon  
  89  6:37  Probe  
  89  6:38  Probe  
  89  6:39  Gateway  
  91  6:40  Stalker  
  93  6:50  Pylon  
  93  6:53  Pylon x2  
  93  6:54  Sentry  
  93  6:55  Stalker x2  
  93  6:58  Zealot  
  101  7:06  Gateway  
  101  7:10  Forge, Zealot  
  101  7:13  Probe x2  
  101  7:14  Colossus (Chrono Boost)  
  111  7:22  Zealot x3  
  117  7:29  Zealot x2  
  119  7:34  Protoss Ground Weapons Level 1 (Chrono Boost)  
  115  7:38  Zealot x3  
  119  7:48  Robotics Facility  
  111  7:59  Warp Prism (Chrono Boost)  
  111  8:01  Observer  
  111  8:03  Zealot x6  
  121  8:07  Probe  
  121  8:10  Zealot  
  122  8:16  Pylon  
  122  8:17  Pylon  
  120  8:23  Nexus, Observer  
  120  8:25  Disruptor (Chrono Boost)  
  120  8:27  Pylon  
  120  8:29  Zealot  
  120  8:31  Disruptor  
  120  8:32  Pylon  
  120  8:33  Pylon  
  123  8:36  Probe x3  
  127  8:52  Shield Battery  
  127  8:53  Photon Cannon  
  127  8:54  Observer  
  127  9:00  Zealot  
  127  9:01  Zealot x5  
  139  9:03  Gateway  
  139  9:06  Gateway, Zealot  
  139  9:09  Disruptor (Chrono Boost)  
  148  9:17  Probe x2  
  148  9:18  Disruptor (Chrono Boost)  
  147  9:25  Observer  
  147  9:36  Zealot, Disruptor  
  147  9:37  Zealot x5  
  155  9:47  Disruptor  
  158  9:54  Zealot  
  158  10:01  Zealot x5  
  158  10:03  Nexus  
  156  10:16  Zealot x3  
  156  10:17  Zealot  
  162  10:22  Pylon  
  124  10:36  Stalker x3  
  124  10:37  Stalker x5  
  126  10:48  Probe  
  133  10:53  Zealot  
  123  11:11  Zealot x6  
  123  11:12  Zealot x2  
Show
View Real Time Build Order
Export as new Build Order

Maru Terran 

Build Orders: Cyclone Opening 

Get SALT Encoding   

  12  0:00  SCV  
  13  0:12  SCV  
  14  0:16  Supply Depot  
  14  0:24  SCV  
  15  0:38  SCV  
  15  0:40  Barracks  
  16  0:45  Refinery  
  16  0:50  SCV  
  16  0:54  Refinery  
  17  1:02  SCV  
  18  1:14  SCV  
  19  1:27  Reaper, Orbital Command  
  20  1:42  Factory  
  20  1:49  Supply Depot  
  20  1:53  SCV  
  21  2:05  SCV  
  22  2:17  SCV  
  22  2:22  Barracks Reactor, Command Center  
  23  2:27  Factory Tech Lab  
  23  2:29  SCV  
  24  2:40  Barracks  
  24  2:41  SCV  
  25  2:45  Cyclone  
  25  2:50  Supply Depot  
  28  2:54  SCV  
  28  2:58  Marine x2  
  31  3:10  Barracks  
  31  3:12  SCV  
  32  3:16  Marine  
  32  3:18  Marine  
  34  3:27  Factory Tech Lab  
  34  3:33  Orbital Command  
  34  3:35  Marine  
  34  3:36  Stimpack  
  34  3:37  SCV  
  36  3:45  Engineering Bay  
  36  3:48  Marine x2  
  36  3:50  SCV  
  36  3:53  Marine  
  40  4:01  SCV  
  40  4:02  SCV  
  41  4:04  Starport, Factory Reactor  
  41  4:12  Marine x2  
  41  4:13  SCV  
  44  4:17  Terran Infantry Weapons Level 1  
  44  4:21  Bunker  
  44  4:22  SCV  
  45  4:26  Supply Depot  
  45  4:27  SCV  
  48  4:31  Marauder  
  48  4:33  Marauder  
  48  4:37  Combat Shield  
  50  4:39  SCV  
  50  4:40  SCV  
  50  4:44  Supply Depot  
  52  4:46  Marine x2  
  54  4:54  Medivac  
  54  4:55  Marine x2  
  54  4:58  Medivac  
  60  5:00  SCV x2  
  60  5:04  Supply Depot  
  60  5:06  Marine x2  
  64  5:09  Supply Depot  
  64  5:14  Marauder  
  66  5:15  Marauder  
  66  5:16  Concussive Shells  
  66  5:19  SCV  
  66  5:20  SCV  
  70  5:26  Factory Reactor  
  70  5:29  Refinery  
  70  5:32  SCV x2  
  72  5:37  Supply Depot  
  72  5:38  Marine, Marauder  
  74  5:44  Marine  
  74  5:45  Marauder  
  74  5:48  SCV  
  74  5:53  SCV  
  74  5:55  Medivac  
  74  5:56  Marine  
  78  6:02  Supply Depot  
  78  6:05  Marine, Marauder  
  78  6:06  Marauder  
  78  6:09  Widow Mine  
  84  6:13  SCV, Marine  
  84  6:16  SCV  
  87  6:19  Terran Infantry Armor Level 1  
  74  6:30  Marauder x2  
  74  6:31  Widow Mine x2  
  82  6:42  Refinery, Marine  
  82  6:45  Command Center  
  83  6:49  Medivac  
  83  6:52  Widow Mine x2  
  89  6:57  Marauder x2  
  89  6:59  SCV x2  
  95  7:03  Supply Depot  
  95  7:12  SCV  
  95  7:14  Barracks x2  
  94  7:16  Marine x2  
  94  7:18  SCV, Marauder x2  
  101  7:26  Supply Depot, SCV  
  101  7:28  Supply Depot  
  102  7:35  SCV  
  101  7:39  Viking x2  
  101  7:43  SCV  
  104  7:48  SCV  
  104  7:49  Marine x2, Marauder  
  104  7:50  Marauder  
  110  7:55  SCV  
  105  8:00  SCV  
  100  8:06  Barracks Tech Lab  
  100  8:07  Barracks Reactor, Marine  
  100  8:08  SCV  
  100  8:11  Marauder  
  100  8:12  Viking x2  
  108  8:13  SCV  
  108  8:16  Orbital Command  
  109  8:20  SCV  
  109  8:23  Ghost Academy  
  109  8:25  SCV  
  111  8:29  Missile Turret  
  111  8:31  Marauder  
  111  8:32  SCV, Marauder  
  116  8:37  SCV  
  115  8:44  SCV, Viking x2  
  115  8:46  SCV  
  118  8:49  SCV  
  118  8:53  Ghost x2  
  123  8:55  Missile Turret  
  123  8:56  SCV  
  123  8:58  SCV  
  123  9:01  SCV  
  123  9:02  Ghost  
  128  9:03  Marine x2  
  128  9:07  Supply Depot  
  128  9:08  SCV  
  131  9:11  SCV  
  131  9:13  SCV  
  131  9:14  Viking  
  135  9:20  SCV  
  135  9:22  Refinery x2  
  135  9:23  Supply Depot, SCV, Ghost  
  139  9:25  SCV  
  139  9:30  Ghost  
  142  9:32  Supply Depot, SCV  
  142  9:35  SCV  
  136  9:38  SCV  
  136  9:42  Marine x2  
  136  9:43  Marauder  
  136  9:44  SCV  
  139  9:53  Medivac  
  139  9:54  Medivac  
  142  10:01  SCV x2  
  142  10:06  Marine x2, Marauder x2  
  148  10:08  Marine  
  148  10:09  Marauder  
  147  10:17  Supply Depot  
  147  10:20  SCV  
  148  10:21  Supply Depot  
  148  10:22  Supply Depot  
  148  10:23  Marine  
  148  10:25  Marine  
  148  10:28  Marauder x2, Marine  
  143  10:30  Marauder  
  117  10:40  Widow Mine  
  117  10:41  Marine  
  113  10:46  Marine  
  113  10:47  SCV, Barracks Tech Lab  
  113  10:49  Marauder x2  
  117  10:50  Ghost Academy  
  117  10:52  Marauder  

Tags
 
Add a new tag
Caveats
  • Supply blocks, unpowered buildings, or Contaminate may cause inaccurate times.
  • Supply counts are checked every 10 seconds.